 Dungeon Crawl Stone Soup version 0.14-a0-663-gfc8c466 (webtiles) character file.

41837 MackTheKnife the Nimble (level 14, -1/104 HPs)
             Began as a Merfolk Transmuter on Nov 5, 2013.
             Was a High Priest of Okawaru.
             Slain by a spiny frog (25 damage)
             ... on Level 7 of the Lair of Beasts on Nov 6, 2013.
             The game lasted 01:13:37 (29419 turns).

MackTheKnife the Nimble (Merfolk Transmuter)       Turns: 29419, Time: 01:13:37

HP  -1/104       AC  2     Str 11      XL: 14   Next: 13%
MP  22/25        EV 36     Int 13      God: Okawaru [*****.]
Gold 938         SH  0     Dex 23      Spells:  3 memorised,  9 levels left

Res.Fire  : . . .   See Invis. : .     - Unarmed
Res.Cold  : . . .   Warding    : .   M - melded +0 elf ring mail (curse)
Life Prot.: . . .   Conserve   : .   (shield currently unavailable)
Res.Poison: x       Res.Corr.  : .   D - melded +0 spiked helmet
Res.Elec. : .       Clarity    : .   i - melded +0 cloak
Sust.Abil.: + .     Spirit.Shd : .   A - melded -2 pair of gloves of the Wumpus {+Inv rElec rF+}
Res.Mut.  : .       Stasis     : .   Q - melded +0 pair of boots
Res.Rott. : .       Flight     : .   K - amulet of rage
Saprovore : . . .                    (no ring)
                                     F - ring of sustain abilities

@: spider-form, studying Armour, mildly poisoned, quick, somewhat resistant to
hostile enchantments, fairly stealthy
A: (change form in water), (swift swim), (fire resistance 0)
a: End Transformation, Heroism, Finesse, Renounce Religion, Evoke Berserk Rage


You were on level 7 of the Lair of Beasts.
You worshipped Okawaru.
Okawaru was extremely pleased with you.
You were not hungry.
You were in spider-form.
You visited 3 branches of the dungeon, and saw 19 of its levels.
You also visited: Sewer.

You collected 961 gold pieces.
You spent 23 gold pieces at shops.


Innate Abilities, Weirdness & Mutations

((You revert to your normal form in water.))*
((You are very nimble and swift while swimming.))*
((Your flesh is heat resistant.))*


   Skills:
 - Level 10.0 Fighting
 + Level 11.3 Armour
 - Level 13.2 Dodging
 - Level 12.1 Unarmed Combat
 + Level 3.0 Spellcasting
 - Level 8.8 Transmutations
 - Level 5.3 Poison Magic
 - Level 8.0 Invocations


You had 9 spell levels left.
You knew the following spells:

 Your Spells              Type           Power        Failure   Level  Hunger
x - Spider Form           Trmt/Pois      ###.......   14%         3    ###....
y - Sticks to Snakes      Trmt           ####......   4%          2    ##.....
z - Blade Hands           Trmt           ####......   36%         5    ######.

Inventory:

Hand weapons
 a - a +2,+0 demon whip of venom
Missiles
 b - 24 arrows
Armour
 i - a +0 cloak (melded)
 n - a +1 leather armour
 A - the -2 pair of gloves of the Wumpus (melded) {+Inv rElec rF+}
   (Okawaru gifted it to you on level 6 of the Lair of Beasts)

   It protects you from fire.
   It insulates you from electricity.
   It lets you turn invisible.
 D - a +0 spiked helmet (melded)
 M - a cursed +0 elven ring mail (melded)
 Q - a +0 pair of boots (melded)
Magical devices
 e - a wand of disintegration (18)
 o - a wand of enslavement (14)
 r - a wand of cold (9)
 v - a wand of digging (6)
 x - a wand of polymorph (13)
 y - a wand of cold (0)
 z - a wand of invisibility (5)
 E - a wand of disintegration (5)
 H - a wand of digging (10)
 P - a wand of digging (21)
Comestibles
 c - a meat ration
 f - 4 pears
 m - 3 apples
 s - 2 chokos
 t - a honeycomb
Scrolls
 j - 4 scrolls of identify
 q - a scroll of enchant armour
 I - a scroll of blinking
 N - a scroll of fog
 O - 5 scrolls of remove curse
Jewellery
 B - the amulet "Mynwak" {Cons Str+2 Int-5}
   (You found it on level 6 of the Lair of Beasts)

   [amulet of conservation]

   It affects your strength (+2).
   It affects your intelligence (-5).
 F - a ring of sustain abilities (left front leg)
 J - an uncursed ring of flight
 K - an amulet of rage (around neck)
Potions
 g - 2 potions of magic
 h - 4 potions of curing
 l - 3 potions of restore abilities
 p - 3 potions of flight
 u - 4 potions of heal wounds
 C - a potion of confusion {unknown}
 G - a potion of mutation {unknown}
 L - a potion of brilliance {unknown}
 R - a potion of porridge {unknown}
Books
 d - a manual of Armour {!d}
Miscellaneous
 w - a sack of spiders

········▒
·········▒
··········
·········▒
·········▒
··········▒▒
·······%···▒
···········▒▒
·····▒···sF·▒▒
··▒······▒▒·▒
· ▒▒▒·PP···▒▒
▒··▒·▒▒▒
▒·····▒
·····P··
······▒ ·····▒
··▒


You could see a spiny frog.


Message History

Things that are here:
a sheep corpse a yak corpse The sheep corpse slowly burns to ash.
The yak corpse slowly burns to ash.
Use which ability? (? or * to list)
Your transformation has ended.
You fall off the wall.
You start resting.
A spiny frog comes into view.
A spiny frog is nearby!
You start resting.
Evoke which item? (* to show all) (? for menu, Esc to quit)
Zapping:
e - a wand of disintegration {zapped: 1} You hear a grinding noise.
Evoke which item? (* to show all) (? for menu, Esc to quit)
Zapping:
e - a wand of disintegration {zapped: 2} You hear a grinding noise.
You turn into a venomous arachnid creature.
The spiny frog stings you.
* * * LOW HITPOINT WARNING * * *
You are poisoned.
The spiny frog poisons you!
* * * LOW HITPOINT WARNING * * *
You feel sick.
You feel a little better.
There is a stone staircase leading up here.
* * * LOW HITPOINT WARNING * * *
You feel sick. The spiny frog stings you!
You die...

Action                   |  1- 3 |  4- 6 |  7- 9 | 10-12 | 13-15 || total
-------------------------+-------+-------+-------+-------+-------++-------
Melee: Unarmed           |   189 |   235 |   442 |  1438 |   819 ||  3123
 Fire: Blowgun           |       |       |     4 |       |       ||     4
 Cast: Beastly Appendage |     8 |     9 |       |       |       ||    17
       Sticks to Snakes  |     1 |     8 |     1 |       |       ||    10
       Spider Form       |       |     6 |    38 |    90 |    50 ||   184
       Blade Hands       |       |       |       |       |     1 ||     1
Invok: Heroism           |       |       |       |       |     3 ||     3
 Abil: End Transformatio |       |       |    10 |    35 |    29 ||    74
Evoke: Wand              |       |       |    16 |    10 |    12 ||    38
       Miscellaneous     |       |       |       |       |     3 ||     3
  Use: Scroll            |       |     6 |    19 |     9 |     5 ||    39
       Potion            |       |     1 |     5 |     7 |     3 ||    16
 Stab: Sleeping          |       |     1 |       |     1 |       ||     2
       Paralysed         |       |       |     3 |       |       ||     3
       Distracted        |       |       |       |     3 |       ||     3

Vault maps used:
D:1:      dpeg_entry_tiny_f, nrook_loot_triangle, feat_on_display
D:2:      corexii_hall_statues_u
D:3:      lemuel_doored_altar, lemuel_round_altar, gup_sewer_entry_pipe,
          first_bread, uniq_terence
D:4:      serial_bayou_pond_c
D:5:      serial_shops, shop_statue, shop_fountains, shop, shop,
          grunt_ministairs_9
D:6:      lemuel_round_altar, makhleb_altar_promises_db, uniq_pikel,
          uniq_menkaure, uniq_blork_the_orc
D:7:      infiniplex_staircase_trident, temple_statues, uniq_prince_ribbit1,
          uniq_edmund
D:8:      david_orc_5
D:10:     grunt_ogre_cave, uniq_erolcha, uniq_fannar, uniq_joseph, uniq_erica
D:11:     erik_lair_dragon, serial_glass, glass_columns_a, glass_columns_a,
          grunt_decor_mini_mirrors, trog_ov_bears_minmay
Temple:   circular_temple_12
Lair:1:   zaba_antful_of_joy, zaba_anthole
Lair:2:   minivault_23, minmay_lair_oklob_tunnel
Lair:3:   swamp_mist
Lair:4:   minmay_snake_entry_guardpost_small, ice2_lemuel
Lair:7:   nicolae_slime_entry_slimehenge, roderic_carrion_pond
Sewer:    sewer_kobolds

Notes
Turn   | Place    | Note
--------------------------------------------------------------
     0 | D:1      | MackTheKnife, the Merfolk Transmuter, began the quest for the Orb.
     0 | D:1      | Reached XP level 1. HP: 15/15 MP: 1/1
    56 | D:1      | Reached skill level 3 in Dodging
   140 | D:1      | Reached skill level 3 in Transmutations
   162 | D:1      | Reached XP level 2. HP: 18/21 MP: 3/3
   958 | D:1      | Learned a level 2 spell: Sticks to Snakes
  1334 | D:2      | Reached XP level 3. HP: 22/26 MP: 4/4
  1381 | D:2      | Learned a level 3 spell: Spider Form
  2168 | D:2      | Reached skill level 4 in Unarmed Combat
  2315 | D:3      | Found a white marble altar of Elyvilon.
  2426 | D:3      | Reached skill level 4 in Transmutations
  2426 | D:3      | Reached skill level 1 in Poison Magic
  2426 | D:3      | Reached XP level 4. HP: 19/32 MP: 1/6
  2745 | D:3      | Noticed an ogre
  3028 | D:3      | Noticed Terence
  3041 | D:3      | Killed Terence
  3071 | D:3      | Found a radiant altar of Vehumet.
  3112 | D:3      | Found a glowing drain.
  3217 | Sewer    | Entered a sewer
  3316 | Sewer    | Reached XP level 5. HP: 17/37 MP: 7/7
  3394 | Sewer    | Noticed a big kobold
  3543 | Sewer    | Killed a big kobold
  3543 | Sewer    | Reached skill level 5 in Transmutations
  3543 | Sewer    | Reached skill level 2 in Poison Magic
  3570 | Sewer    | Found a white marble altar of Elyvilon.
  3708 | D:3      | Killed an ogre
  3708 | D:3      | Reached skill level 5 in Unarmed Combat
  3708 | D:3      | Reached XP level 6. HP: 15/43 MP: 2/9
  4464 | D:4      | Reached skill level 3 in Poison Magic
  4474 | D:4      | Paralysed by a giant eyeball for 3 turns
  4591 | D:4      | Reached skill level 6 in Transmutations
  5399 | D:4      | Reached XP level 7. HP: 48/48 MP: 6/10
  5553 | D:5      | Entered Level 5 of the Dungeon
  5554 | D:5      | Found Ungasm's Antique Armour Shoppe.
  5595 | D:5      | Found Straweas' Jewellery Emporium.
  5704 | D:5      | Reached skill level 7 in Transmutations
  5987 | D:5      | Reached skill level 4 in Poison Magic
  6052 | D:5      | Found Kieharunt's Assorted Antiques.
  6057 | D:5      | Bought a white potion {tried by monster} for 23 gold pieces
  6576 | D:5      | Reached skill level 8 in Transmutations
  6631 | D:5      | Found Zuwaum's Antique Armour Boutique.
  6700 | D:5      | Reached skill level 5 in Poison Magic
  6800 | D:5      | Reached XP level 8. HP: 14/55 MP: 9/12
  7753 | D:6      | Gained mutation: Your flesh is heat resistant. [potion of beneficial mutation]
  7774 | D:6      | Noticed Blork the orc
  7790 | D:6      | Reached skill level 4 in Dodging
  7843 | D:6      | Killed Blork the orc
  7898 | D:6      | Noticed Pikel
  7978 | D:6      | Killed Pikel
  7978 | D:6      | Reached skill level 6 in Dodging
  7978 | D:6      | Reached skill level 6 in Unarmed Combat
  8153 | D:6      | Reached skill level 7 in Unarmed Combat
  8155 | D:6      | Noticed Menkaure
  8173 | D:6      | Found a burning altar of Makhleb.
  8173 | D:6      | Noticed a balrug
  8180 | D:6      | Reached XP level 9. HP: 46/60 MP: 13/13
  8189 | D:6      | Killed Menkaure
  8189 | D:6      | Reached skill level 7 in Dodging
  8541 | D:6      | Found a blossoming altar of Fedhas.
  9059 | D:7      | Found a staircase to the Ecumenical Temple.
  9068 | Temple   | Entered the Ecumenical Temple
  9100 | Temple   | Became a worshipper of Warmaster Okawaru
  9294 | D:7      | Noticed Edmund
  9315 | D:7      | Killed Edmund
  9315 | D:7      | Reached skill level 8 in Dodging
  9315 | D:7      | Reached skill level 8 in Unarmed Combat
  9432 | D:7      | Noticed Brokkr's ghost (experienced GrFi)
  9764 | D:7      | Noticed Prince Ribbit
  9774 | D:7      | Killed Prince Ribbit
 10121 | D:7      | Killed Brokkr's ghost
 10121 | D:7      | Reached skill level 9 in Dodging
 10121 | D:7      | Reached skill level 9 in Unarmed Combat
 10267 | D:7      | Acquired Okawaru's first power
 10794 | D:8      | Reached skill level 10 in Dodging
 10794 | D:8      | Reached XP level 10. HP: 61/66 MP: 11/15
 10829 | D:8      | Found a roughly hewn altar of Beogh.
 11233 | D:8      | Found a staircase to the Orcish Mines.
 11288 | D:8      | Reached skill level 10 in Unarmed Combat
 12007 | D:9      | Upgraded the game from 0.14-a0-629-g748cab2 to 0.14-a0-663-gfc8c466
 12085 | D:9      | Reached skill level 2 in Fighting
 12295 | D:9      | Reached skill level 3 in Fighting
 12425 | D:9      | Reached skill level 4 in Fighting
 12461 | D:9      | Reached skill level 5 in Fighting
 12495 | D:9      | Reached skill level 6 in Fighting
 12847 | D:9      | Identified a scroll of acquirement
 12872 | D:10     | Entered Level 10 of the Dungeon
 12939 | D:10     | Noticed Joseph
 12952 | D:10     | Reached skill level 7 in Fighting
 12970 | D:10     | Killed Joseph
 12970 | D:10     | Reached skill level 8 in Fighting
 13312 | D:10     | Reached XP level 11. HP: 71/81 MP: 13/16
 13691 | D:10     | Noticed Fannar
 13707 | D:10     | HP: 2/81 [ice beast[Fannar] (7)]
 13715 | D:10     | Killed Fannar
 13715 | D:10     | Reached skill level 9 in Fighting
 14262 | D:10     | Reached skill level 10 in Fighting
 14331 | D:10     | Noticed Erolcha
 14584 | D:10     | Reached skill level 1 in Armour
 14613 | D:10     | Reached skill level 2 in Armour
 14889 | D:10     | Noticed Erica
 14905 | D:10     | Killed Erica
 14905 | D:10     | Reached skill level 3 in Armour
 14974 | D:10     | Acquired Okawaru's second power
 15286 | D:10     | Paralysed by a giant eyeball for 2 turns
 15290 | D:10     | Paralysed by a giant eyeball for 3 turns
 15410 | D:10     | Reached skill level 4 in Armour
 15414 | D:10     | Received a gift from Okawaru
 15919 | D:11     | Killed an unseen horror
 16096 | D:11     | Reached skill level 5 in Armour
 16647 | D:11     | Found a staircase to the Lair.
 16696 | Lair:1   | Entered Level 1 of the Lair of Beasts
 16760 | Lair:1   | Reached skill level 6 in Armour
 17091 | Lair:1   | Reached XP level 12. HP: 91/91 MP: 15/18
 17159 | Lair:1   | Received a gift from Okawaru
 17839 | Lair:1   | Reached skill level 7 in Armour
 18873 | Lair:1   | Reached skill level 8 in Armour
 18903 | Lair:1   | Reached skill level 11 in Dodging
 20262 | Lair:2   | Reached skill level 1 in Invocations
 20923 | Lair:3   | Noticed a seven-headed hydra
 20936 | Lair:3   | Reached skill level 2 in Invocations
 21108 | Lair:3   | Reached skill level 11 in Unarmed Combat
 21146 | Lair:3   | Reached skill level 12 in Dodging
 21270 | Lair:3   | Reached skill level 3 in Invocations
 21954 | Lair:3   | Found a staircase to the Swamp.
 22185 | Lair:3   | Reached skill level 4 in Invocations
 22185 | Lair:3   | Reached XP level 13. HP: 97/97 MP: 16/20
 22808 | Lair:3   | Killed a seven-headed hydra
 22816 | Lair:3   | Received a gift from Okawaru
 23130 | Lair:2   | Reached skill level 5 in Invocations
 23159 | Lair:2   | Learned a level 5 spell: Blade Hands
 23570 | Lair:4   | Reached skill level 13 in Dodging
 23584 | Lair:4   | Found a staircase to the Snake Pit.
 24227 | Lair:3   | HP: 2/97 [black mamba (12)]
 24235 | Lair:3   | Reached skill level 12 in Unarmed Combat
 24787 | Lair:4   | Reached skill level 6 in Invocations
 25532 | Lair:5   | Reached skill level 7 in Invocations
 26337 | Lair:5   | Reached skill level 9 in Armour
 26447 | Lair:6   | Received a gift from Okawaru
 26467 | Lair:6   | Got a pair of blackened gloves {god gift}
 26696 | Lair:5   | Identified the -2 pair of gloves of the Wumpus {+Inv rElec rF+} (Okawaru gifted it to you on level 6 of the Lair of Beasts)
 26737 | Lair:6   | Got a crude bone amulet
 26739 | Lair:6   | Identified the amulet "Mynwak" {Cons Str+2 Int-5} (You found it on level 6 of the Lair of Beasts)
 27377 | Lair:6   | Reached skill level 8 in Invocations
 27788 | Lair:6   | Reached skill level 10 in Armour
 28516 | Lair:7   | Found a staircase to the Slime Pits.
 28747 | Lair:7   | Reached XP level 14. HP: 49/104 MP: 20/25
 29046 | Lair:7   | Reached skill level 11 in Armour
 29362 | Lair:7   | Reached skill level 3 in Spellcasting
 29419 | Lair:7   | Slain by a spiny frog

Vanquished Creatures
  2 hydras
  Fannar (D:10)
  Erica (D:10)
  An unseen horror (D:11)
  An ice statue (Lair:4)
  Joseph (D:10)
  6 black mambas
  A griffon (Lair:3)
  The ghost of Brokkr the Shield-Bearer, an experienced GrFi of the Shining One (D:7)
  6 elephants (Lair:6)
  6 spiny frogs
  A queen ant (Lair:1)
  A fire drake (Lair:7)
  A troll (D:10)
  7 komodo dragons
  A polar bear (Lair:4)
  Prince Ribbit (D:7)
  29 blink frogs
  A boulder beetle (Lair:4)
  4 ugly things (D:10)
  A griffon zombie (D:10)
  A basilisk (Lair:2)
  A wyvern (D:10)
  A wraith (D:11)
  36 yaks
  2 hippogriffs
  2 hungry ghosts
  2 sharks (D:9)
  4 necrophages (Lair:7)
  Edmund (D:7)
  2 manticores
  Menkaure (D:6)
  3 wolves (Lair:1)
  10 porcupines
  A mottled dragon (D:11)
  8 soldier ants (Lair:1)
  4 orc warriors
  A giant goldfish (D:9)
  A phantom (D:11)
  3 nagas (Lair:4)
  A yellow wasp (D:5)
  2 slaves (D:6)
  12 ogres
  3 centaurs
  3 boring beetles
  6 ice beasts
  4 water moccasins
  6 crocodiles
  19 giant frogs
  6 giant slugs
  Blork the orc (D:6)
  4 agate snails
  A gnoll sergeant (D:5)
  13 killer bees
  5 jellyfish (D:9)
  5 wights (D:9)
  A quasit (D:9)
  An electric eel (D:9)
  7 crimson imps
  5 goliath beetles
  3 jellies
  2 big fish
  A giant frog skeleton (D:8)
  A gnoll shaman (D:7)
  14 hounds
  7 orc priests
  15 iguanas
  4 orc wizards
  34 worker ants
  5 scorpions
  16 sheep
  A crocodile zombie (D:10)
  Terence (D:3)
  2 hound skeletons (D:7)
  11 gnolls
  14 adders
  5 giant centipedes
  5 giant mites
  67 green rats
  A white imp (Lair:4)
  4 worms
  A scorpion zombie (D:5)
  A grey rat (Sewer)
  2 giant eyeballs
  8 giant geckos
  2 oozes (Lair:7)
  49 orcs
  3 ball pythons
  30 bats
  3 giant cockroaches
  8 goblins
  9 hobgoblins
  21 jackals
  18 kobolds
  12 quokkas
  A giant gecko skeleton (D:4)
  8 giant newts
  21 rats
  A rat skeleton (D:7)
674 creatures vanquished.

Vanquished Creatures (collateral kills)
  Pikel (D:6)
  A slave (D:6)
  An ogre (D:3)
  A big kobold (Sewer)
  2 orcs (D:3)
  A hobgoblin (D:3)
  2 rats
9 creatures vanquished.

Vanquished Creatures (others)
  A crocodile (Lair:7)
  A spider (Lair:6)
  A giant spore (D:10)
  A kobold (D:6)
  10 fungi
  6 plants
20 creatures vanquished.

Grand Total: 703 creatures vanquished
